Map: Frost LE

Players

MaSa - Winner!

  • Race: Terran Terran

ShoWTimE

  • Race: Protoss Protoss

Event: IEM Season 11 - Shanghai

VOD

Have the link to the VOD?

Description

Time

  • Played on: July 28, 2016, 11:59 a.m.
  • Length: 17:19

All games in this series

Show
View Real Time Build Order
Export as new Build Order

MaSa Terran - Winner!

Build Orders: Reaper Expand, MMM Bio 

Get SALT Encoding   

  12  0:00  SCV  
  13  0:12  SCV  
  14  0:17  Supply Depot  
  14  0:24  SCV  
  15  0:29  Refinery  
  15  0:38  SCV  
  16  0:44  Barracks  
  16  0:50  SCV  
  17  1:02  SCV  
  18  1:15  SCV  
  19  1:30  Reaper  
  19  1:31  Orbital Command  
  20  1:43  Command Center  
  20  1:54  Factory  
  20  1:57  SCV  
  21  2:05  Barracks Reactor  
  21  2:08  Supply Depot  
  21  2:11  SCV  
  22  2:17  Refinery  
  22  2:23  SCV  
  23  2:35  SCV  
  24  2:42  Starport  
  24  2:43  Marine  
  24  2:44  Marine  
  26  2:46  Widow Mine  
  26  2:47  SCV  
  29  2:55  Orbital Command  
  28  3:00  SCV  
  28  3:01  Marine x2  
  31  3:12  SCV  
  32  3:15  Widow Mine  
  32  3:17  Medivac  
  36  3:20  Marine x2  
  36  3:21  SCV  
  36  3:25  SCV  
  40  3:29  Supply Depot  
  40  3:33  Barracks  
  40  3:34  SCV  
  40  3:38  Marine x2  
  40  3:41  SCV  
  44  3:44  Widow Mine  
  46  3:50  Medivac  
  46  3:51  SCV  
  49  3:55  Supply Depot  
  49  3:58  Engineering Bay  
  49  3:59  SCV  
  50  4:03  Liberator, SCV  
  50  4:06  Marine x2  
  53  4:11  SCV  
  54  4:17  SCV  
  54  4:20  Supply Depot  
  54  4:22  Factory Tech Lab, Barracks Tech Lab  
  58  4:29  SCV  
  59  4:38  Marine x2  
  54  4:40  Siege Tank, SCV  
  54  4:41  Marine  
  58  4:46  SCV  
  58  4:49  Bunker  
  58  4:50  Missile Turret  
  58  4:52  SCV  
  60  4:53  Stimpack  
  60  4:55  Marine x2  
  60  4:58  SCV  
  60  4:59  Marine  
  64  5:00  Refinery  
  64  5:02  Supply Depot  
  64  5:10  SCV  
  64  5:13  Marine x2  
  67  5:14  Medivac  
  67  5:18  Marine  
  70  5:23  Supply Depot  
  70  5:24  SCV x2  
  70  5:31  Marine x2  
  70  5:36  SCV x2  
  70  5:40  Command Center, Marine  
  73  5:44  Starport Reactor  
  73  5:48  Terran Infantry Weapons Level 1, SCV  
  74  5:50  SCV  
  74  5:51  Barracks, Marine  
  74  5:52  Marine  
  74  5:53  Factory Reactor  
  77  5:58  Marauder  
  77  6:00  SCV  
  77  6:01  Supply Depot  
  77  6:03  SCV  
  81  6:05  Refinery  
  81  6:12  SCV  
  81  6:13  Missile Turret, Marine x2  
  81  6:15  SCV  
  80  6:21  Supply Depot  
  80  6:23  Marauder  
  80  6:25  SCV  
  81  6:26  Medivac  
  81  6:27  Medivac  
  85  6:35  Factory Reactor  
  85  6:36  SCV  
  85  6:37  Marine  
  85  6:39  SCV  
  88  6:40  Barracks  
  88  6:41  Barracks  
  88  6:43  Marine, Marauder  
  91  6:48  SCV  
  91  6:49  Liberator  
  91  6:51  Supply Depot  
  91  6:52  Marauder, SCV  
  95  6:55  Liberator  
  95  6:57  Combat Shields  
  95  7:00  SCV  
  96  7:02  Marine x2  
  96  7:04  Marauder  
  103  7:10  SCV  
  103  7:13  Marauder  
  103  7:15  SCV  
  110  7:20  Supply Depot  
  110  7:22  Widow Mine, Supply Depot, SCV  
  111  7:24  Widow Mine  
  111  7:28  SCV  
  117  7:31  Orbital Command  
  117  7:33  Liberator  
  117  7:34  Refinery  
  116  7:39  Marine x2  
  116  7:40  Marauder x2  
  116  7:41  Barracks Tech Lab  
  116  7:42  Terran Infantry Armor Level 1, SCV  
  116  7:43  SCV  
  124  7:51  Widow Mine  
  126  7:53  Widow Mine  
  128  8:00  Liberator  
  118  8:06  Marine x4, Marauder x2  
  118  8:07  SCV  
  118  8:12  Marine  
  122  8:16  Liberator  
  124  8:23  Marine  
  124  8:24  Marine x3  
  111  8:27  Marine, Marauder  
  111  8:30  Marine  
  95  8:41  Marine x2  
  95  8:42  Marine x2  
  95  8:44  SCV  
  95  8:45  Marauder, SCV  
  95  8:47  Orbital Command  
  95  8:48  Marine, Marauder  
  91  8:57  SCV  
  91  8:59  Marine  
  93  9:02  Widow Mine  
  93  9:07  Missile Turret, Marauder  
  97  9:11  Marine x3  
  97  9:14  SCV x2  
  102  9:19  SCV  
  102  9:20  Liberator  
  103  9:29  Marine x2, Marauder x2  
  109  9:33  Widow Mine, SCV x3  
  109  9:34  Widow Mine  
  119  9:42  Liberator  
  119  9:45  SCV  
  117  9:58  Marine x3, Marauder x2  
  127  10:00  SCV  
  127  10:01  SCV  
  127  10:02  Liberator  
  127  10:04  SCV  
  130  10:12  SCV  
  130  10:19  Marine, Marauder  
  129  10:23  Orbital Command  
  129  10:24  Liberator  
  129  10:25  Marauder x2  
  121  10:29  Marine  
  106  10:35  Marine  
  106  10:41  SCV  
  100  10:50  Concussive Shells  
  100  10:58  SCV  
  100  11:01  SCV  
  102  11:08  SCV  
  102  11:10  Liberator, Marine x2  
  102  11:11  Marine x2  
  104  11:12  Marine  
  104  11:16  SCV  
  107  11:20  SCV  
  107  11:21  Medivac  
  113  11:37  SCV x3  
  116  11:46  Armory  
  116  11:47  Marine, Marauder x2  
  119  11:56  Marine x2  
  119  11:57  Liberator, Marauder  
  119  11:58  SCV  
  119  11:59  SCV  
  125  12:01  SCV  
  128  12:08  Marauder  
  128  12:09  Marauder  
  128  12:10  SCV  
  134  12:20  Marine, Marauder  
  134  12:30  Marauder x2  
  134  12:31  Marine x2  
  135  12:39  SCV x2  
  135  12:42  Marauder  
  135  12:43  SCV  
  135  13:08  Supply Depot  
  135  13:15  Supply Depot  
  134  13:22  Marine  
  134  13:24  Marine  
  133  13:30  Marauder x2  
  127  13:34  Marine x2, Marauder  
  127  13:40  Marine  
  115  13:46  SCV  
  116  13:52  Marauder x2  
  99  14:05  Marine  
  99  14:06  Marine x2, Marauder  
  94  14:10  Marine  
  94  14:13  Marauder  
  94  14:14  SCV  
  93  14:24  Marine x2  
  90  14:25  SCV x2  
  94  14:37  SCV  
  96  14:39  Marine, Marauder  
  98  14:50  Marine, Marauder  
  99  14:53  Medivac  
  99  14:54  Medivac  
  99  14:55  Widow Mine  
  99  14:57  SCV  
  99  14:58  Orbital Command  
  106  15:05  Liberator  
  101  15:10  Marine  
  101  15:11  Marauder x2  
  101  15:12  SCV  
  98  15:19  Marauder  
  103  15:29  Liberator  
  103  15:31  Widow Mine  
  103  15:32  Marauder  
  103  15:33  Marine  
  108  15:38  Missile Turret  
  108  15:42  Marauder x2  
  112  15:48  Liberator, Marine x2  
  117  15:53  Marauder  
  119  15:58  Widow Mine  
  119  16:00  Widow Mine, Marine  
  124  16:07  Marine x3, Marauder x2  
  134  16:12  Liberator  
  134  16:15  Marine  
  134  16:17  Refinery x2  
  135  16:18  Supply Depot  
  133  16:28  Widow Mine  
  133  16:29  Marauder  
  140  16:39  Marine x3, Marauder  
  142  16:40  Marauder  
  142  16:45  Marine  
  143  16:50  Marauder  
  143  16:52  Barracks  
  145  16:55  Command Center  
  145  16:57  Marine x2  
  149  17:06  Missile Turret  
Show
View Real Time Build Order
Export as new Build Order

ShoWTimE Protoss 

Build Orders: 1 Gate Expand, Blink Stalkers 

Get SALT Encoding   

  12  0:01  Probe (Chrono Boost)  
  13  0:11  Probe (Chrono Boost)  
  14  0:17  Pylon  
  14  0:22  Probe (Chrono Boost)  
  16  0:35  Probe (Chrono Boost)  
  16  0:36  Gateway  
  16  0:42  Assimilator  
  16  0:46  Probe (Chrono Boost)  
  17  0:56  Probe (Chrono Boost)  
  18  1:07  Probe (Chrono Boost)  
  19  1:20  Nexus  
  19  1:29  Cybernetics Core  
  19  1:33  Probe (Chrono Boost)  
  19  1:38  Assimilator  
  20  1:43  Probe (Chrono Boost)  
  21  1:49  Pylon  
  22  1:54  Probe (Chrono Boost)  
  22  2:07  Adept  
  22  2:08  Mothership Core (Chrono Boost)  
  26  2:14  Warp Gate  
  26  2:26  Probe (Chrono Boost)  
  27  2:31  Probe (Chrono Boost)  
  27  2:35  Robotics Facility  
  27  2:36  Probe (Chrono Boost)  
  29  2:42  Probe (Chrono Boost)  
  30  2:47  Probe (Chrono Boost)  
  31  2:53  Probe (Chrono Boost)  
  31  2:57  Twilight Council  
  31  2:58  Probe (Chrono Boost)  
  33  3:03  Probe (Chrono Boost)  
  34  3:08  Probe (Chrono Boost)  
  35  3:14  Probe (Chrono Boost)  
  35  3:18  Gateway  
  37  3:20  Probe (Chrono Boost), Blink, Observer  
  37  3:24  Probe (Chrono Boost)  
  37  3:26  Gateway  
  39  3:32  Probe (Chrono Boost)  
  40  3:36  Probe (Chrono Boost)  
  40  3:40  Pylon  
  41  3:44  Probe (Chrono Boost)  
  41  3:45  Observer  
  44  3:48  Probe (Chrono Boost)  
  44  3:49  Assimilator  
  45  3:56  Probe (Chrono Boost)  
  45  4:00  Probe (Chrono Boost)  
  46  4:08  Probe (Chrono Boost), Nexus  
  47  4:14  Pylon  
  47  4:22  Stalker  
  47  4:23  Stalker x2  
  53  4:32  Pylon  
  53  4:34  Warp Prism  
  55  4:40  Probe (Chrono Boost)  
  56  4:47  Stalker  
  56  4:48  Stalker  
  56  4:49  Stalker  
  56  4:52  Probe (Chrono Boost)  
  64  4:54  Probe (Chrono Boost)  
  64  5:00  Pylon  
  64  5:14  Immortal  
  64  5:15  Stalker x3  
  72  5:41  Gateway  
  71  5:44  Gateway x2  
  71  5:50  Observer  
  71  5:51  Gateway  
  71  5:52  Probe (Chrono Boost)  
  71  5:54  Probe x2 (Chrono Boost), Gateway  
  75  5:57  Sentry  
  75  5:58  Sentry  
  73  6:14  Resonating Glaives  
  73  6:17  Probe x2 (Chrono Boost)  
  73  6:18  Warp Prism  
  75  6:25  Probe (Chrono Boost)  
  76  6:30  Probe (Chrono Boost)  
  78  6:33  Probe (Chrono Boost)  
  78  6:35  Probe (Chrono Boost)  
  78  6:42  Probe (Chrono Boost)  
  78  6:44  Sentry, Adept  
  78  6:45  Probe (Chrono Boost)  
  78  6:46  Probe (Chrono Boost)  
  85  6:50  Pylon  
  86  6:54  Probe (Chrono Boost)  
  86  6:56  Probe (Chrono Boost)  
  86  6:57  Probe (Chrono Boost)  
  88  7:03  Pylon  
  88  7:06  Probe (Chrono Boost), Pylon  
  88  7:07  Probe (Chrono Boost)  
  91  7:09  Probe (Chrono Boost)  
  91  7:12  Adept  
  91  7:13  Adept x3  
  99  7:16  Adept  
  99  7:22  Adept x2  
  106  7:23  Probe (Chrono Boost)  
  106  7:24  Adept, Pylon  
  108  7:42  Adept x3, Pylon  
  108  7:43  Adept x2  
  108  7:44  Adept x2  
  119  7:45  Adept  
  123  7:55  Pylon  
  123  7:57  Pylon  
  117  8:06  Observer  
  117  8:12  Stalker x6  
  128  8:13  Adept x2  
  110  8:36  Warp Prism  
  100  8:42  Adept x3  
  100  8:43  Adept x5  
  92  8:57  Probe (Chrono Boost)  
  92  8:58  Probe x2 (Chrono Boost)  
  92  9:01  Forge  
  95  9:03  Adept x4  
  95  9:04  Adept x4  
  111  9:22  Pylon  
  109  9:32  Adept x2  
  109  9:33  Adept x6  
  109  9:37  Nexus  
  125  9:38  Assimilator  
  125  9:42  Assimilator  
  123  9:53  Observer  
  123  9:59  Stalker x3  
  127  10:00  Stalker  
  127  10:06  Stalker  
  131  10:12  Observer  
  111  10:32  Stalker x5  
  111  10:33  Adept  
  111  10:34  Adept  
  97  10:39  Adept  
  73  10:48  Probe (Chrono Boost)  
  73  10:49  Observer  
  71  10:50  Probe (Chrono Boost)  
  71  10:56  Probe (Chrono Boost)  
  74  10:58  Probe (Chrono Boost), Sentry  
  74  10:59  Sentry  
  74  11:00  Probe (Chrono Boost)  
  74  11:01  Probe (Chrono Boost)  
  80  11:06  Protoss Ground Weapons Level 1  
  80  11:07  Probe (Chrono Boost)  
  80  11:10  Probe (Chrono Boost), Adept x5  
  80  11:11  Probe (Chrono Boost), Adept  
  95  11:12  Probe (Chrono Boost)  
  95  11:20  Probe (Chrono Boost)  
  95  11:22  Probe x2 (Chrono Boost)  
  98  11:29  Probe (Chrono Boost)  
  98  11:31  Probe (Chrono Boost)  
  101  11:33  Adept x5  
  101  11:34  Probe (Chrono Boost), Adept x3  
  111  11:44  Immortal  
  113  11:56  Stalker  
  113  11:57  Stalker x4  
  113  11:58  Stalker  
  113  12:00  Probe (Chrono Boost)  
  126  12:02  Pylon  
  126  12:08  Adept x2  
  129  12:18  Immortal  
  133  12:32  Adept x2, Stalker x3  
  133  12:33  Adept x3  
  139  12:54  Observer, Stalker x3  
  139  12:55  Adept x2  
  139  12:56  Zealot x3  
  152  13:13  Observer  
  152  13:16  Adept x4  
  152  13:19  Adept x4  
  123  13:44  Stalker x3  
  123  13:45  Stalker x5  
  107  14:08  Adept x7  
  107  14:09  Adept  
  97  14:14  Immortal  
  81  14:30  Stalker x5  
  83  14:32  Adept x2  
  83  14:34  Adept  
  81  14:54  Adept x5, Assimilator  
  81  14:55  Adept x2  
  81  14:57  Adept  
  93  15:10  Warp Prism  
  87  15:22  Dark Shrine  
  87  15:26  Nexus  
  85  15:29  Adept x3  
  85  15:35  Pylon  
  91  15:37  Adept  
  93  15:43  Adept  
  95  15:51  Immortal  
  98  16:10  Adept x2  
  102  16:21  Adept x2  
  106  16:26  Stalker  
  96  16:42  Dark Templar x2  
  83  16:49  Dark Templar x2  
  83  16:51  Dark Templar x2  

Tags
 
Add a new tag
Caveats
  • Supply blocks, unpowered buildings, or Contaminate may cause inaccurate times.
  • Supply counts are checked every 10 seconds.